 Dungeon Sprint DCSS version 0.22-a0-247-gbddf880 (webtiles) character file.

257 Ghella the Unseen (level 5, -5/25 HPs)
             Began as a Spriggan Enchanter on Feb 27, 2018.
             Was a Follower of Dithmenos.
             Killed from afar by a burning bush (17 damage)
             ... with a puff of flame
             ... in the Dungeon (Sprint IV: "Fedhas' Mad Dash").
             The game lasted 00:03:56 (930 turns).

Ghella the Unseen (Spriggan Enchanter)               Turns: 930, Time: 00:03:56

Health: -5/25      AC:  2    Str:  4    XL:     5   Next: 93%
Magic:  5/10       EV: 18    Int: 16    God:    Dithmenos [*.....]
Gold:   146        SH:  5    Dex: 18    Spells: 3/9 levels left

rFire    . . .     SeeInvis +   a - +1 dagger
rCold    . . .     Gourm    .   k - +0 buckler
rNeg     . . .     Faith    .   b - +0 robe
rPois    .         Spirit   .   (helmet restricted)
rElec    .         Reflect  .   (no cloak)
rCorr    .         Harm     .   (gloves unavailable)
MR       .....     NoTele   +   (boots unavailable)
Stlth    ++++++++..             j - amulet of invisibility {+Inv}
HPRegen  0.08/turn              (no ring)
MPRegen  0.12/turn              (no ring)

@: very slightly contaminated, wreathed by umbra, invisible, very quick
A: very small, unfitting armour, see invisible, herbivore, speed 3, slow
metabolism 2
a: Renounce Religion


You were in the Dungeon.
You worshipped Dithmenos.
Dithmenos was aware of your devotion.
You were not hungry.

You visited 1 branch You collected 146 gold pieces.

Inventory:

Hand Weapons
 a - a +1 dagger (weapon)
Armour
 b - a +0 robe (worn)
 k - a +0 buckler (worn)
Jewellery
 j - the amulet of invisibility (around neck) {+Inv}
   (You found it in the Dungeon)

   [amulet of nothing]

   It lets you turn invisible.
Scrolls
 i - a scroll of blinking
Potions
 d - a potion of curing
 e - a potion of heal wounds
 f - a potion of haste
 g - 2 potions of magic
 h - a potion of berserk rage
Comestibles
 c - a ration


   Skills:
 - Level 0.6 Fighting
 - Level 1.1 Short Blades
 - Level 3.0 Dodging
 * Level 17.2 Stealth
 - Level 2.6 Spellcasting
 - Level 3.6 Hexes
 + Level 3.9 Evocations


You had 3 spell levels left.
You knew the following spells:

 Your Spells              Type           Power        Failure   Level  Hunger
a - Corona                Hex            ##.....      8%          1    #......
b - Confuse               Hex            ##......     22%         3    ###....
c - Ensorcelled Hibernat  Hex/Ice        #.....       24%         2    ##.....


Dungeon Overview and Level Annotations

Branches:
Dungeon (1/1)

Altars:
Cheibriados
Dithmenos
Elyvilon
Gozag
Hepliaklqana
Kikubaaqudgha
Makhleb
Nemelex Xobeh
Okawaru
Qazlal
Ru
Sif Muna
Trog
Uskayaw
Vehumet
Wu Jian
Xom
Yredelemnul
Zin
The Shining One
Beogh
Jiyva
Lugonu

Shops:
D :[


Innate Abilities, Weirdness & Mutations

You are very small and have problems with some larger weapons.
You are too small for most types of armour.
You have supernaturally acute eyesight. (SInv)
You are a herbivore.
You cover ground extremely quickly.
You need consume almost no food.


Message History

You open the door. The burning bush throws fire at you.
The puff of flame misses you.
Okay, then.
Unknown command.
A scorpion and a wandering mushroom come into view.
There is an open door here.
Casting: Confuse (safe; 22% risk of failure)
Confirm with . or Enter, or press ? or * to list all spells.
Aiming: Confuse (safe; 22% risk of failure)
Press: ? - help, Shift-Dir - straight line, f - burning bush
Aim: a burning bush (chance to defeat MR: 27%)
You miscast Confuse.
Nothing appears to happen.
The burning bush throws fire at you. The puff of flame hits you!
Ouch! That really hurt!
The burning bush throws fire at you. The puff of flame hits you!
Ouch! That really hurt!
You die...

################# ####
._._._.⌠.#..'.))# s..#
_._._._..'..#...# f.P+
._._._...#..###'##.)[#
_._._._..#..##∩∩@'..f#
._._._.⌠.#############
##########


You could see a wandering mushroom (wandering) and a burning bush.

Vanquished Creatures
  A scorpion (D)
  4 oklob saplings (D)
  A worker ant (D)
  2 spriggans (D)
  A river rat (D)
  A rat (D)
10 creatures vanquished.

Notes
Turn   | Place    | Note
-------+----------+-------------------------------------------
     0 | D        | Ghella the Spriggan Enchanter began the quest for the Orb.
     0 | D        | Reached XP level 1. HP: 9/9 MP: 5/5
     8 | D        | Reached skill level 7 in Stealth
     8 | D        | Reached XP level 2. HP: 13/13 MP: 6/6
    14 | D        | Noticed an oklob sapling
    16 | D        | Killed an oklob sapling
    16 | D        | Reached skill level 10 in Stealth
    16 | D        | Reached XP level 3. HP: 16/16 MP: 8/8
    23 | D        | Learned a level 3 spell: Confuse
    26 | D        | Learned a level 2 spell: Ensorcelled Hibernation
    30 | D        | Found the amulet of invisibility {+Inv}
    31 | D        | Reached skill level 11 in Stealth
    51 | D        | Noticed an oklob sapling
    56 | D        | Found an opulent altar of Gozag.
    56 | D        | Found a hazy altar of Hepliaklqana.
    56 | D        | Found a burning altar of Makhleb.
    56 | D        | Found a roughly hewn altar of Beogh.
    56 | D        | Found a sparkling altar of Nemelex Xobeh.
    56 | D        | Found a snail-covered altar of Cheibriados.
    56 | D        | Found a sacrificial altar of Ru.
    56 | D        | Found a deep blue altar of Sif Muna.
    56 | D        | Found a shimmering altar of Xom.
    56 | D        | Found a basalt altar of Yredelemnul.
    57 | D        | Found a viscous altar of Jiyva.
    57 | D        | Found a bloodstained altar of Trog.
    57 | D        | Found an ornate altar of the Wu Jian Council.
    57 | D        | Noticed an oklob sapling priest
    58 | D        | Found an iron altar of Okawaru.
    58 | D        | Found a shadowy altar of Dithmenos.
    58 | D        | Found a glowing silver altar of Zin.
    59 | D        | Found an ancient bone altar of Kikubaaqudgha.
    59 | D        | Found a hide-covered altar of Uskayaw.
    60 | D        | Found a stormy altar of Qazlal.
    60 | D        | Found a white marble altar of Elyvilon.
    60 | D        | Found a glowing golden altar of the Shining One.
    61 | D        | Found a corrupted altar of Lugonu.
    61 | D        | Found a radiant altar of Vehumet.
    78 | D        | Killed an oklob sapling priest
    78 | D        | Reached skill level 13 in Stealth
    78 | D        | Reached skill level 1 in Evocations
    78 | D        | Reached XP level 4. HP: 21/21 MP: 2/9
    87 | D        | Became a worshipper of Dithmenos the Shadowed
   162 | D        | Reached skill level 14 in Stealth
   270 | D        | Reached skill level 15 in Stealth
   270 | D        | Reached XP level 5. HP: 25/25 MP: 7/10
   597 | D        | Reached * piety under Dithmenos
   597 | D        | Reached skill level 16 in Stealth
   600 | D        | Reached skill level 17 in Stealth
   805 | D        | Found Hudwic's Armour Shop.
   805 | D        | Found Loenu's Book Emporium.
   814 | D        | Noticed a burning bush
   814 | D        | Noticed a wandering mushroom
   928 | D        | Noticed a wandering mushroom
   930 | D        | Killed from afar by a burning bush

Vault maps used:
D:        dungeon_sprint_fedhas

Skill      XL: |  1  2  3  4  5 |
---------------+----------------+-----
Stealth        | 7 10 13 15 17 | 17.2
Evocations     | 1 2 3 |  3.9
Fighting       | |  0.6
Short Blades   | |  1.1
Dodging        | |  3.0
Spellcasting   | |  2.6
Hexes          | |  3.6

Action                   |  1- 3 |  4- 6 || total
-------------------------+-------+-------++-------
Melee: Dagger            |    17 |     5 ||    22
 Cast: Confuse           |     2 |       ||     2
 Abil: Evoke Invisibilit |     1 |     4 ||     5
 Stab: Sleeping          |     4 |     5 ||     9
       Confused          |     1 |       ||     1
Dodge: Dodged            |     1 |     1 ||     2

Table legend:
 A = Spawn XP
 B = Non-spawn XP
 C = Spawn XP percentage of total XP
 D = Spawn monster count
 E = Non-spawn monster count
 F = Spawn count percentage of total count
 G = Total turns spent on level
                    A         B        C        D         E        F      G
               +---------+---------+-------+---------+---------+-------+---------
         Total |       0 |     368 |   0.0 |       0 |      10 |   0.0 |   930
               +---------+---------+-------+---------+---------+-------+---------
             D |       0 |     368 |   0.0 |       0 |      10 |   0.0 |   930
               +---------+---------+-------+---------+---------+-------+---------
